 Dungeon Crawl Stone Soup version 0.23-a0-650-ga4d50d4 (webtiles) character file.

3645 Lanoc the Carver (level 9, -1/72 HPs)
             Began as a Demonspawn Chaos Knight on Jan 3, 2019.
             Was a Plaything of Xom.
             Killed from afar by a deep elf mage (27 damage)
             ... with a bolt of lightning
             ... on level 11 of the Dungeon on Jan 4, 2019.
             The game lasted 00:17:06 (6215 turns).

Lanoc the Carver (Demonspawn Chaos Knight)          Turns: 6215, Time: 00:17:07

Health: -1/72      AC: 15    Str: 20      XL:     9   Next: 88%
Magic:  9/9        EV: 10    Int: 14      God:    Xom [...*..]
Gold:   455        SH:  0    Dex: 12 (13) Spells: 8/8 levels left

rFire    + . .     SeeInvis .   a - +0 falchion (chaos)
rCold    + . .     Gourm    +   (no shield)
rNeg     . . .     Faith    .   i - +2 chain mail {rC+}
rPois    .         Spirit   .   (no helmet)
rElec    .         Reflect  .   (no cloak)
rCorr    .         Harm     .   l - +2 pair of gloves
MR       .....     Clarity  +   (no boots)
Stlth    +.........             t - amulet of the gourmand
HPRegen  0.22/turn              q - ring of protection from fire
MPRegen  0.11/turn              n - ring of stealth

@: mighty, especially stealthy, berserk cooldown, slowed, very slow
A: hooves 1, clarity, deterioration 1, powered by pain 3, screaming 1, spiny 1
a: Renounce Religion


You were on level 11 of the Dungeon.
You worshipped Xom.
You were a favourite toy of Xom.
You were completely stuffed.

You visited 2 branches of the dungeon, and saw 10 of its levels.
You also visited: Sewer.

You collected 455 gold pieces.

Inventory:

Hand Weapons
 a - a +0 falchion of chaos (weapon)
 m - a +0 falchion of electrocution
Armour
 i - a +2 chain mail of cold resistance (worn)
 l - a +2 pair of gloves (worn)
Jewellery
 n - a ring of stealth (right hand)
 q - a ring of protection from fire (left hand)
 t - an amulet of the gourmand (around neck)
Wands
 b - a wand of digging (5)
 k - a wand of iceblast (5)
Scrolls
 h - 2 scrolls of teleportation
 s - 2 scrolls of remove curse
 u - 3 scrolls of identify
Potions
 d - 2 potions of flight
 e - a potion of lignification
 f - 2 potions of agility
 g - a potion of might
 j - 5 potions of heal wounds
 p - 2 potions of ambrosia
 r - 2 potions of curing
Comestibles
 c - 9 rations
 o - 7 chunks of flesh


   Skills:
 + Level 7.0 Fighting
 * Level 8.7 Long Blades
 + Level 6.0 Armour
 + Level 5.7 Dodging


You had 8 spell levels left.
You didn't know any spells.
Your spell library contained the following spells:

 Spells                   Type           Power        Failure   Level  Hunger
 Animate Skeleton         Necr           N/A          95%         1    ##.....
 Apportation              Tloc           #.....       95%         1    ##.....
 Beastly Appendage        Tmut           #.....       95%         1    ##.....
 Confusing Touch          Hex            #.....       95%         1    ##.....
 Summon Small Mammal      Summ           #...         95%         1    ##.....
 Sticks to Snakes         Tmut           #.......     98%         2    ###....
 Spider Form              Tmut/Pois      #.........   100%        3    ####...
 Ice Form                 Ice/Tmut       #.......     100%        4    #####..
 Blade Hands              Tmut           #.........   100%        5    ######.


Dungeon Overview and Level Annotations

Branches:
Dungeon (8/15)             Temple (1/1) D:6            Lair (0/6) D:11

Altars:
Ashenzari
Cheibriados
Dithmenos
Elyvilon
Fedhas
Gozag
Hepliaklqana
Kikubaaqudgha
Makhleb
Nemelex Xobeh
Okawaru
Qazlal
Ru
Sif Muna
Trog
Uskayaw
Vehumet
Wu Jian
Xom
Yredelemnul
Zin
The Shining One

Shops:
D:7 (


Innate Abilities, Weirdness & Mutations

You have large cloven feet.
You are powered by pain.
You are partially covered in sharp spines.
You possess an exceptional clarity of mind.
Your body sometimes deteriorates upon taking damage.
You occasionally shout uncontrollably at your foes.


Message History

The bolt of lightning hits you!
The wyvern zombie is struck by your spines.
The wyvern zombie closely misses you.
You hit the deep elf mage but do no damage.
The deep elf mage is lightly wounded.
The wyvern zombie barely misses you.
You riposte.
You completely miss the wyvern zombie. Your kick misses the wyvern zombie.
The wyvern zombie is moderately damaged.
The deep elf mage mumbles some strange words.
The deep elf mage blinks!
You hit the wyvern zombie.
The wyvern zombie flickers and vanishes!
Deactivating autopickup; reactivate with Ctrl-A.
Something bites you but does no damage. Something bites you!
Your body deteriorates!
You feel clumsy.
You feel very mighty all of a sudden.
The deep elf mage gestures at you while chanting.
The bolt of lightning hits you!
You die...
Xom bursts into laughter!

#.# .. #. #.## #..# #.##
#..## ##.{#
#########@#####
#.........ยง...#
#..........e..#######+####
#....)........##..........
#.............##..........
#.............##>.........
#........<....#..e........
#.............(...........
#.............############


You could see a deep elf mage.

Vanquished Creatures
  A two-headed ogre (D:11)
  Grinder (D:4)
  A hippogriff (D:7)
  Sigmund (D:2)
  A basilisk (shapeshifter) (D:5)
  Eustachio (D:5)
  Edmund (D:5)
  Duvessa (D:4)
  A phantom (Temple)
  An ice beast (D:5)
  2 ogres
  2 centaurs (D:6)
  A crocodile (D:6)
  A big kobold (Sewer)
  3 bullfrogs
  A scorpion (D:5)
  A crimson imp (D:6)
  A bullfrog zombie (D:6)
  5 orc priests
  A hound (D:5)
  3 jellies
  2 orc wizards
  Jessica (D:2)
  2 iguanas
  Ijyb (D:4)
  8 worker ants
  Natasha (thrice) (D:4)
  A hound zombie (D:7)
  A worker ant zombie (D:6)
  3 gnolls (D:5)
  9 adders
  A howler monkey skeleton (D:7)
  4 river rats
  A shadow imp (D:6)
  An ooze (D:2)
  An adder skeleton (D:5)
  4 worms
  2 dart slugs
  4 leopard geckos
  9 orcs
  5 ball pythons
  3 bats
  5 giant cockroaches
  9 goblins
  9 hobgoblins
  9 jackals
  8 kobolds
  8 frilled lizards
  15 rats
160 creatures vanquished.

Vanquished Creatures (collateral kills)
  Dowan (D:4)
1 creature vanquished.

Vanquished Creatures (others)
  2 fungi (D:11)
  A plant (D:11)
3 creatures vanquished.

Grand Total: 164 creatures vanquished

Notes
Turn   | Place    | Note
-------+----------+-------------------------------------------
     0 | D:1      | Lanoc the Demonspawn Chaos Knight began the quest for the
                  | Orb.
     0 | D:1      | Reached XP level 1. HP: 18/18 MP: 1/1
    40 | D:1      | Reached skill level 1 in Dodging
    43 | D:1      | XOM: silly message
   101 | D:1      | Gained mutation: You are partially covered in sharp spines.
                  | [demonic ancestry]
   101 | D:1      | Reached XP level 2. HP: 11/24 MP: 2/2
   109 | D:1      | Reached skill level 3 in Long Blades
   130 | D:1      | XOM: divination: magic mapping
   160 | D:1      | XOM: divination: detect items
   456 | D:1      | XOM: harmless Tmut miscast
   942 | D:2      | Reached XP level 3. HP: 29/29 MP: 3/3
  1044 | D:2      | Noticed Sigmund
  1049 | D:2      | XOM: noise
  1053 | D:2      | Killed Sigmund
  1053 | D:2      | Reached skill level 4 in Long Blades
  1053 | D:2      | Reached XP level 4. HP: 35/37 MP: 4/4
  1053 | D:2      | Gained mutation: You sometimes gain a little power by
                  | taking damage. [demonic ancestry]
  1053 | D:2      | Reached XP level 5. HP: 40/42 MP: 5/5
  1054 | D:2      | Noticed Jessica
  1057 | D:2      | Killed Jessica
  1531 | D:2      | XOM: harmless Chrm miscast
  1547 | D:3      | Found a deep blue altar of Sif Muna.
  1550 | D:3      | Found an opulent altar of Gozag.
  1551 | D:3      | XOM: divination: detect creatures
  1584 | D:3      | Gained mutation: You sometimes gain power by taking damage.
                  | [demonic ancestry]
  1584 | D:3      | Reached XP level 6. HP: 45/48 MP: 6/6
  1612 | D:3      | XOM: divination: detect items
  1736 | D:3      | Found a glowing golden altar of the Shining One.
  1846 | D:3      | XOM: divination: detect creatures
  2150 | D:4      | Noticed Grinder
  2164 | D:4      | Killed Grinder
  2164 | D:4      | Reached skill level 5 in Long Blades
  2164 | D:4      | Reached XP level 7. HP: 45/55 MP: 7/7
  2181 | D:4      | Noticed Natasha
  2187 | D:4      | Killed Natasha
  2228 | D:4      | Noticed Dowan
  2228 | D:4      | Noticed Duvessa
  2232 | D:4      | XOM: summons friendly shadow imp
  2238 | D:4      | Killed Dowan
  2245 | D:4      | Killed Duvessa
  2460 | D:4      | XOM: divination: detect creatures
  2595 | D:4      | Noticed Natasha
  2602 | D:4      | Killed Natasha
  2615 | D:4      | Found a glowing drain.
  2623 | Sewer    | Entered a sewer
  2795 | Sewer    | Reached skill level 5 in Fighting
  2816 | Sewer    | Found a white marble altar of Elyvilon.
  2966 | D:4      | Noticed Ijyb
  2972 | D:4      | Killed Ijyb
  2996 | D:4      | Noticed Natasha
  3000 | D:4      | Killed Natasha
  3281 | D:4      | Reached skill level 6 in Long Blades
  3281 | D:4      | Reached XP level 8. HP: 53/62 MP: 8/8
  3363 | D:5      | Entered Level 5 of the Dungeon
  3436 | D:5      | Noticed a shapeshifter
  3436 | D:5      | a big kobold changed into a shapeshifter
  3436 | D:5      | a shapeshifter changed into a black bear
  3444 | D:5      | XOM: smoke on damage
  3463 | D:5      | XOM: harmless Fire miscast
  3715 | D:5      | XOM: harmless Pois miscast
  3748 | D:5      | XOM: divination: magic mapping
  4034 | D:5      | Noticed Edmund
  4038 | D:5      | XOM: harmless Pois miscast
  4042 | D:5      | XOM: confusion (+ monsters)
  4044 | D:5      | XOM: harmless Necr miscast
  4054 | D:5      | XOM: 4-stop teleportation journey
  4085 | D:5      | XOM: give mutations
  4085 | D:5      | Gained mutation: Your body sometimes deteriorates upon
                  | taking damage. [Xom's mischief]
  4085 | D:5      | Gained mutation: You occasionally shout uncontrollably at
                  | your foes. [Xom's mischief]
  4085 | D:5      | Gained mutation: You are powered by pain. [Xom's mischief]
  4085 | D:5      | Gained mutation: You possess an exceptional clarity of
                  | mind. [Xom's mischief]
  4147 | D:5      | XOM: polymorph ogre -> bullfrog
  4148 | D:5      | XOM: enchant monster (bad)
  4155 | D:5      | Noticed Eustachio
  4172 | D:5      | Killed Eustachio
  4236 | D:5      | Killed Edmund
  4236 | D:5      | Reached skill level 7 in Long Blades
  4251 | D:5      | XOM: 2-stop teleportation journey
  4377 | D:5      | XOM: summons 3 hostile shadow creatures
  4614 | D:6      | Found a staircase to the Ecumenical Temple.
  4619 | Temple   | Entered the Ecumenical Temple
  4636 | Temple   | XOM: harmless Ice miscast
  4650 | Temple   | Reached skill level 5 in Armour
  4838 | D:6      | XOM: severe Chrm miscast
  4842 | D:6      | Gained mutation: You have large cloven feet. [demonic
                  | ancestry]
  4842 | D:6      | Reached XP level 9. HP: 56/69 MP: 3/9
  4993 | D:6      | XOM: mild Ice miscast
  5052 | D:6      | Reached skill level 5 in Dodging
  5130 | D:6      | XOM: polymorph bullfrog -> crocodile
  5239 | D:6      | Found a sparkling altar of Nemelex Xobeh.
  5309 | D:6      | XOM: 4-stop teleportation journey
  5535 | D:7      | XOM: 1-stop teleportation journey
  5544 | D:7      | Reached skill level 8 in Long Blades
  5686 | D:7      | Found Tunkigal's Antique Weapon Emporium.
  6164 | D:8      | You fall through a shaft for 3 floors!
  6164 | D:11     | XOM: stealth player
  6164 | D:11     | Noticed a deep elf mage
  6166 | D:11     | Found a white marble altar of Elyvilon.
  6166 | D:11     | Found a staircase to the Lair.
  6166 | D:11     | XOM: 9-stop teleportation journey
  6177 | D:11     | Noticed a two-headed ogre
  6179 | D:11     | XOM: chaos upgrade
  6187 | D:11     | Killed a two-headed ogre
  6215 | D:11     | Killed from afar by a deep elf mage

Vault maps used:
D:1:      arrival_zaba_pyramid
D:2:      uniq_sigmund, uniq_jessica
D:3:      old_standard_altar, chequers_temple_overflow_statue_of_worship,
          first_ration
D:4:      portal_sewer_entry_e, moated_statue, uniq_grinder, uniq_duvessa,
          uniq_ijyb, uniq_natasha
D:5:      uniq_edmund, uniq_eustachio
D:6:      nicolae_overflow_hidden_temple, minmay_temple_entry_wispy
D:7:      serial_shops, nicolae_shop_crystal
D:8:      minmay_distorted_concentric_squares, hangedman_pestilent_swarm,
          uniq_joseph
D:11:     due_lair_maze_entry_diamond, portal_ice_cave_demonic_guard,
          elyvilon_altar_3
Temple:   eino_narrow_crystal_temple
Sewer:    sewer_kobolds

Skill      XL: |  1  2  3  4  5  6  7  8  9 |
---------------+----------------------------+-----
Dodging        | 1 2 3 4 5 |  5.7
Long Blades    | 3 4 5 6 7 8 |  8.7
Armour         | 2 3 4 5 6 |  6.0
Fighting       | 4 5 6 7 |  7.0

Action                   |  1- 3 |  4- 6 |  7- 9 || total
-------------------------+-------+-------+-------++-------
Melee: Falchion          |    71 |    80 |   316 ||   467
       Kick              |       |       |    28 ||    28
  Use: Potion            |     1 |     1 |     6 ||     8
       Scroll            |       |     4 |     6 ||    10
 Stab: Petrifying        |       |     1 |     2 ||     3
  Eat: Chunk             |       |     4 |    31 ||    35
Armor: Leather armour    |    18 |     1 |       ||    19
       Chain mail        |       |    47 |   194 ||   241
Dodge: Dodged            |    37 |    41 |   111 ||   189
       Rpst.: Falchion   |    13 |    11 |    34 ||    58

Table legend:
 A = Non-vault XP
 B = Vault XP
 C = Vault XP percentage of total XP
 D = Non-vault monster count
 E = Vault monster count
 F = Vault count percentage of total count
                 A         B        C        D         E       F
            +---------+---------+-------+---------+---------+-------
      Total |    3912 |    1296 |  24.9 |     134 |      27 |  16.8
            +---------+---------+-------+---------+---------+-------
        D:1 |      37 |       0 |   0.0 |      21 |       0 |   0.0
        D:2 |      80 |     245 |  75.4 |      20 |       2 |   9.1
        D:3 |     120 |       0 |   0.0 |      30 |       0 |   0.0
        D:4 |     250 |     556 |  69.0 |      10 |      13 |  56.5
        D:5 |     799 |     356 |  30.8 |      18 |       2 |  10.0
        D:6 |     917 |       0 |   0.0 |      21 |       0 |   0.0
        D:7 |     633 |       0 |   0.0 |      11 |       0 |   0.0
       D:11 |     915 |       0 |   0.0 |       1 |       0 |   0.0
     Temple |     161 |       0 |   0.0 |       2 |       0 |   0.0
      Sewer |       0 |     139 | 100.0 |       0 |      10 | 100.0
            +---------+---------+-------+---------+---------+-------
